 Dungeon Crawl Stone Soup version 0.29-a0-555-g3b24f45cc1 (webtiles) character file.

Game seed: 712275688079846719

590 spiderkeys the Ducker (level 7, -5/42 HPs)
             Began as a Deep Elf Abyssal Knight on June 7, 2022.
             Was a Priest of Lugonu.
             Slain by an orc warrior
             ... wielding a +1 dire flail of holy wrath
              (12 damage)
             ... on level 5 of the Dungeon.
             The game lasted 00:08:24 (7127 turns).

spiderkeys the Ducker (Deep Elf Abyssal Knight)     Turns: 7127, Time: 00:08:25

Health: -5/42      AC:  7    Str: 10    XL:     7   Next: 15%
Magic:  13/15      EV: 12    Int: 17    God:    Lugonu [***...]
Gold:   222        SH:  0    Dex: 15    Spells: 14/14 levels left

rFire   . . .      SeeInvis .   H - +2 whip (elec)
rCold   . . .      Faith    .   (no shield)
rNeg    + . .      Spirit   .   F - +2 ring mail {rN+}
rPois   .          Reflect  .   (no helmet)
rElec   .          Harm     .   (no cloak)
rCorr   .          Rampage  .   (no gloves)
Will    .....                   (no boots)
Stlth   +.........              (no amulet)
HPRegen 0.14/turn               (no ring)
MPRegen 0.14/turn               (no ring)

@: no status effects
A: no striking features
a: Renounce Religion, Depart the Abyss, Bend Space, Banish


You were on level 5 of the Dungeon.
You worshipped Lugonu.
Lugonu was most pleased with you.
You visited 1 branch of the dungeon, and saw 5 of its levels.
You visited the Abyss 1 time.

You collected 222 gold pieces.


   Skills:
 + Level 3.7 Fighting
 - Level 1.3(2.1) Polearms
 + Level 3.1(3.4) Staves
 - Level 0.7 Armour
 + Level 4.6 Dodging
 + Level 4.3 Spellcasting
 + Level 4.1 Invocations


You had 14 spell levels left.
You didn't know any spells.
Your spell library contained the following spells:

 Spells                   Type           Power      Damage    Failure   Level
 Gell's Gravitas          Tloc           3%         N/A       75%         3
 Lesser Beckoning         Tloc           3%         N/A       75%         3
 Teleport Other           Tloc           3%         N/A       75%         3

Inventory:

Hand Weapons
 a - a +1 spear
 b - a +1 hunting sling
   (You found it on level 1 of the Dungeon)
 v - a +0 quarterstaff
   (You found it on level 4 of the Dungeon)
 H - a +2 whip of electrocution (weapon)
   (You took it off a gnoll shaman on level 5 of the Dungeon)
Missiles
 d - 85 stones
 r - 4 poisoned darts
 x - an atropa-tipped dart
Armour
 c - a +0 leather armour
 f - a +0 ring mail
   (You found it on level 1 of the Dungeon)
 q - a +0 leather armour
   (You found it on level 4 of the Dungeon)
 s - a +0 ring mail
   (You took it off an orc on level 4 of the Dungeon)
 t - a +0 leather armour
   (You found it on level 3 of the Dungeon)
 u - a +0 leather armour
   (You found it on level 3 of the Dungeon)
 w - a +0 ring mail
   (You found it on level 4 of the Dungeon)
 y - a +0 robe
   (You took it off an orc wizard on level 4 of the Dungeon)
 z - a +0 ring mail
   (You found it on level 4 of the Dungeon)
 A - a +0 scale mail
   (You found it on level 4 of the Dungeon)
 B - a +0 ring mail
   (You found it on level 4 of the Dungeon)
 D - a +0 leather armour
   (You took it off Ijyb on level 4 of the Dungeon)
 F - a +2 ring mail of positive energy (worn)
   (You found it on level 5 of the Dungeon)
 G - a +0 leather armour
   (You took it off a gnoll shaman on level 5 of the Dungeon)
 I - a +0 leather armour
   (You found it on level 5 of the Dungeon)
 J - a +0 leather armour
   (You found it on level 5 of the Dungeon)
 K - a +0 plate armour
   (You found it on level 5 of the Dungeon)
 L - a +0 scale mail
   (You found it on level 5 of the Dungeon)
 N - a +0 robe
   (You found it on level 5 of the Dungeon)
 O - a +0 scale mail
   (You took it off an orc on level 5 of the Dungeon)
Magical Staves
 i - a staff of cold {!a}
   (You found it on level 2 of the Dungeon)
 j - a staff of fire {!a}
   (You found it on level 2 of the Dungeon)
Wands
 p - a wand of paralysis (5)
   (You found it on level 3 of the Dungeon)
 E - a wand of charming (2)
   (You took it off Ijyb on level 4 of the Dungeon)
 P - a wand of acid (9)
   (You found it on level 5 of the Dungeon)
Scrolls
 k - a scroll of fear
 l - a scroll of magic mapping {!r}
 m - a scroll of teleportation {@r4}
 n - 2 scrolls of enchant weapon
Potions
 e - a potion of might {unknown}
 g - 3 potions of curing {@q1}
 h - a potion of invisibility
 o - 2 potions of brilliance
 C - a potion of haste {unknown}
 M - a potion of mutation {unknown}

Dungeon Overview and Level Annotations

Branches:
Dungeon (5/15)             Temple (0/1) D:4

Altars:

...#.......)......#
#...........#
...#..............#
#.).........#
...######.###.....#
#...........# .### #.#
#.....# #...........#
.# #.# #.....#
##########'## .## #.#
#.....# #.# ..# #.#
#...(.# #.# #.# #.#
#..o..# #.# #.##
#...@.# #.# #..#
#.#'##############.#
##)#
..#(..##........##.##
#)#
...###.#..............
##.###........#
#.#.......).##...
..)..#........#
#.#..............
.....#........#
#.#........<.....
...o.#........#
#.#.#.###########
.....#........#
#.#.#..........#


You could see an orc warrior (blind).


Message History

😎 HP[+35] MP[+6]
Your hp is fully restored (42).
Your mp is fully restored (15).
x - 3 atropa-tipped darts (gained 1);
r - 4 poisoned darts (gained 1)
You now have 211 gold pieces (gained 9).
P - a wand of acid (9) As you open the door, it creaks loudly!
There is an open door here.
d - 85 stones (gained 14)
Found a stone staircase leading up.
You see here a +0 hand axe.
Key pressed, stopping explore.
There is a stone staircase leading up here.
You now have 222 gold pieces (gained 11).
A hound comes into view.
The hound barks!
The hound misses you.
You hit the hound. The hound barely misses you.
The hound bites you but does no damage.
You closely miss the hound. The hound bites you but does no damage.
You closely miss the hound.
The hound bites you but does no damage. x2
You hit the hound. The hound bites you but does no damage.
You completely miss the hound. The hound barely misses you.
The hound bites you but does no damage.
You hit the hound. The hound bites you. 😕 HP[-5]
You take 5 damage, and now have 37/42 hp.
You hit the hound. The hound completely misses you.
The hound barely misses you. 😕 HP[+1]
You hit the hound.
You kill the hound!
Lugonu accepts your kill.
No target in view!
No target in view!
Key pressed, stopping explore.
Key pressed, stopping explore.
You see here a +0 falchion.
Key pressed, stopping explore.
You open the door.
There is an open door here.
An orc warrior is nearby! 😎 HP[+4]
Your hp is fully restored (42).
The orc warrior shouts!
You hit the orc warrior.
The orc warrior hits you with a +1 dire flail of holy wrath! 😕 HP[-8]
You take 8 damage, and now have 34/42 hp.
You hit the orc warrior but do no damage.
The orc warrior hits you with a +1 dire flail of holy wrath. 😮 HP[-5]
You take 5 damage, and now have 29/42 hp.
You are too injured to fight recklessly!
You are too injured to fight recklessly!
Space bends violently around you!
You blink. 😮 HP[-2] MP[-1]
You take 2 damage, and now have 27/42 hp.
You lost 1 mp, and now have 14/15 mp.
Unknown command.
Space bends violently around you!
You blink. 😮 HP[-2] MP[-1]
You take 2 damage, and now have 25/42 hp.
You lost 1 mp, and now have 13/15 mp.
Unknown command.
You don't know any spells.
Throw: 3 darts (atropa)
Press: ? - help, Shift-Dir - straight line, f - orc warrior
Aim: an orc warrior, wielding a +1 dire flail of holy wrath and wearing a +0 chain mail (translocational energy, lightly wounded, 55% to hit, chance to blind on hit: 51%)
You throw an atropa-tipped dart.
The atropa-tipped dart completely misses the orc warrior.
Space bends violently around you!
You blink. 😮 HP[-2] MP[-1]
You take 2 damage, and now have 23/42 hp.
You lost 1 mp, and now have 12/15 mp.
Unknown command.
Throw: 2 darts (atropa)
Press: ? - help, Shift-Dir - straight line, f/p - orc warrior
Aim: an orc warrior, wielding a +1 dire flail of holy wrath and wearing a +0 chain mail (lightly wounded, 55% to hit, chance to blind on hit: 51%)
You throw an atropa-tipped dart.
The atropa-tipped dart hits the orc warrior.
The orc warrior appears confused.
You are too injured to fight recklessly!
You are too injured to fight recklessly!
You are too injured to fight recklessly!
You hit the orc warrior but do no damage.
Lightning courses through the orc warrior!!
You punch the orc warrior, but do no damage.
The orc warrior seems less confused.
The orc warrior closely misses you.
You closely miss the orc warrior.
The orc warrior hits you with a +1 dire flail of holy wrath!
* * * LOW HITPOINT WARNING * * *
😱 HP[-16] MP[+1]
You take 16 damage, and now have 7/42 hp.
MASSIVE DAMAGE!! (PAUSE)
You hit the orc warrior but do no damage.
The orc warrior hits you with a +1 dire flail of holy wrath!
You die...

Skill      XL: |  1  2  3  4  5  6 |
---------------+-------------------+-----
Spellcasting   | 1 2 3 4 |  4.3
Staves         | 1 2 3 |  3.1
Dodging        | 3 4 |  4.6
Fighting       | 3 |  3.7
Invocations    | 3 4 |  4.1
Polearms       | |  1.3
Armour         | |  0.7

Action                   |  1- 3 |  4- 6 |  7- 9 || total
-------------------------+-------+-------+-------++-------
Melee: Spear             |   164 |    76 |       ||   240
       Punch             |     2 |     1 |     1 ||     4
       Quarterstaff      |       |    65 |       ||    65
       Whip              |       |    32 |    13 ||    45
 Fire: Hunting sling     |    22 |    10 |       ||    32
Throw: Dart              |       |     3 |     2 ||     5
Invok: Bend Space        |       |     8 |     3 ||    11
       Banish            |       |     1 |       ||     1
Evoke: Wand              |       |    17 |       ||    17
  Use: Scroll            |     2 |     6 |       ||     8
       Potion            |       |     3 |       ||     3
 Stab: Paralysed         |       |    14 |       ||    14
Armor: Leather armour    |     3 |       |       ||     3
       Ring mail         |    43 |    51 |     6 ||   100
Dodge: Dodged            |    89 |    83 |     6 ||   178

Levels and vault maps discovered:
D:1:      dpeg_arrival_short_road, layout_basic, st_stairs_8
D:2:      layout_loops_corners, chequers_serial_rivers_large_a,
          kennysheep_generic_room_15
D:3:      layout_loops_cross, shapermc_ecumenical_altar_notcrosses, minmay_puff
D:4:      layout_loops_ring, minmay_temple_entry_statues_pillars, uniq_ijyb
D:5:      layout_basic

Notes
Turn   | Place    | Note
-------+----------+-------------------------------------------
     0 | Abyss:1  | spiderkeys the Deep Elf Abyssal Knight began the quest for
                  | the Orb.
     0 | Abyss:1  | Reached XP level 1. HP: 13/13 MP: 4/4
     0 | Abyss:1  | magus.rc [v1.11.3]
    23 | D:1      | You pass through the gate.
    23 | D:1      | Escaped the Abyss
   328 | D:1      | Reached XP level 2. HP: 18/18 MP: 5/5
   563 | D:1      | Reached skill level 1 in Spellcasting
  1270 | D:2      | Reached skill level 1 in Staves
  1270 | D:2      | Reached XP level 3. HP: 17/22 MP: 7/7
  1663 | D:2      | Reached skill level 3 in Dodging
  1989 | D:2      | Reached *** piety under Lugonu
  2463 | D:3      | Found a faded altar of an unknown god.
  2575 | D:3      | Reached skill level 2 in Spellcasting
  3017 | D:3      | Reached XP level 4. HP: 27/27 MP: 9/9
  4186 | D:4      | Reached skill level 3 in Fighting
  4186 | D:4      | Reached skill level 3 in Invocations
  4186 | D:4      | Reached XP level 5. HP: 20/32 MP: 9/11
  4380 | D:4      | Found a staircase to the Ecumenical Temple.
  4615 | D:4      | Reached skill level 2 in Staves
  4615 | D:4      | Reached skill level 3 in Spellcasting
  4910 | D:4      | Noticed Ijyb
  4925 | D:4      | Killed Ijyb
  5216 | D:5      | Entered Level 5 of the Dungeon
  5478 | D:5      | Reached XP level 6. HP: 37/37 MP: 13/13
  5489 | D:5      | HP: 4/37 [gnoll/+0 halberd[a gnoll shaman] (10)]
  5508 | D:5      | Reached skill level 4 in Dodging
  6064 | D:5      | Reached skill level 4 in Spellcasting
  6188 | D:5      | Noticed an orc warrior
  6198 | D:5      | HP: 8/37 [orc wizard/puff of flame (12)]
  6557 | D:5      | You pick up a book of Displacement and begin reading...
  6557 | D:5      | You add the spells Lesser Beckoning, Gell's Gravitas and
                  | Teleport Other to your library.
  6625 | D:5      | HP: 8/37 [ogre/+0 giant club (29)]
  6647 | D:5      | Reached skill level 3 in Staves
  6647 | D:5      | Reached skill level 4 in Invocations
  6647 | D:5      | Reached XP level 7. HP: 7/42 MP: 9/15
  7126 | D:5      | HP: 7/42 [orc warrior/+1 dire flail of holy wrath (17)]
  7127 | D:5      | Slain by an orc warrior

Vanquished Creatures
  A phantom (D:5)
  A scorpion (D:5)
  A howler monkey (D:4)
  A gnoll shaman (D:5)
  2 hounds (D:5)
  Ijyb (D:4)
  An iguana (D:5)
  An orc wizard (D:4)
  6 adders
  An ufetubus (D:5)
  3 worms (D:3)
  A dart slug (D:2)
  3 orcs
  4 ball pythons
  4 endoplasms
  2 giant cockroaches
  7 goblins
  12 hobgoblins
  4 quokkas
  3 bats
  3 frilled lizards
  8 kobolds
  4 rats (D:1)
74 creatures vanquished.

Vanquished Creatures (collateral kills)
  An iguana (D:5)
  A gnoll (D:5)
2 creatures vanquished.

Vanquished Creatures (others)
  An orc wizard (D:5)
  2 gnolls (D:5)
3 creatures vanquished.

Grand Total: 79 creatures vanquished

Table legend:
 A = Non-vault XP
 B = Vault XP
 C = Vault XP percentage of total XP
 D = Non-vault monster count
 E = Vault monster count
 F = Vault count percentage of total count
                 A         B        C        D         E       F
            +---------+---------+-------+---------+---------+-------
      Total |     760 |      83 |   9.8 |      67 |      10 |  13.0
            +---------+---------+-------+---------+---------+-------
        D:1 |      26 |       2 |   7.1 |      17 |       1 |   5.6
        D:2 |      29 |      14 |  32.6 |      15 |       2 |  11.8
        D:3 |      33 |      29 |  46.8 |      10 |       6 |  37.5
        D:4 |     148 |      38 |  20.4 |      14 |       1 |   6.7
        D:5 |     524 |       0 |   0.0 |      11 |       0 |   0.0
            +---------+---------+-------+---------+---------+-------

Illustrated notes

Table legend:
 A = Kills in this place as a percentage of kills in entire the game.
 B = Kills by you in this place as a percentage of kills by you in the entire game.
 C = Kills by friends in this place as a percentage of kills by friends in the entire game.
 D = Other kills in this place as a percentage of other kills in the entire game.
 E = Experience gained in this place as a percentage of experience gained in the entire game.
 F = Experience gained in this place divided by the number of levels of this place that you have seen.
                   A       B       C       D       E      F
               +-------+-------+-------+-------+-------+----------------------
         Total | 100.0 | 100.0 | 100.0 | 100.0 | 100.0 | 140.5
       Dungeon | 100.0 | 100.0 | 100.0 | 100.0 | 100.0 | 168.6
               +-------+-------+-------+-------+-------+----------------------

Table legend: (Time is in decaauts)
 A = Elapsed time spent in this place.
 B = Non-inter-level travel time spent in this place.
 C = Inter-level travel time spent in this place.
 D = Time resting spent in this place.
 E = Time spent auto-exploring this place.
 F = Levels seen in this place.
 G = Mean time per level.
                   A        B        C        D        E       F      G
               +--------+--------+--------+--------+--------+-----+--------+
         Total |   7161 |   7067 |     94 |   1090 |   5040 |   6 | 1193.5 |
       Dungeon |   7138 |   7044 |     94 |   1090 |   5040 |   5 | 1427.6 |
         Abyss |     23 |     23 |      0 |      0 |      0 |   1 |   23.0 |
               +--------+--------+--------+--------+--------+-----+--------+

Top non-repeatable levels by time:
     D:5: 1681 daAuts
     D:3: 1555 daAuts
     D:2: 1501 daAuts
     D:4: 1480 daAuts
     D:1: 920 daAuts
 Abyss:1: 23 daAuts
